 Dungeon Crawl Stone Soup version 0.21.1-1-g345015f (webtiles) character file.

11137 Mirai the Severer (level 11, -15/99 HPs)
             Began as a Hill Orc Fighter on Mar 4, 2018.
             Was a Priest of Makhleb.
             Killed from afar by a lindwurm (28 damage)
             ... with a blast of flame
             ... on level 10 of the Dungeon.
             The game lasted 00:31:42 (10293 turns).

Mirai the Severer (Hill Orc Fighter)               Turns: 10293, Time: 00:31:43

Health: -15/99     AC: 15    Str: 21    XL:     11   Next: 73%
Magic:  13/13      EV: 11    Int:  8    God:    Makhleb [***...]
Gold:   43         SH: 12    Dex: 15    Spells: 10/10 levels left

rFire    . . .     SeeInvis +   D - +1 broad axe (venom)
rCold    + . .     Gourm    .   c - +0 shield
rNeg     . . .     Faith    .   C - +0 plate armour
rPois    .         Spirit   .   g - +2 helmet {SInv}
rElec    +         Reflect  .   (no cloak)
rCorr    .         Harm     .   r - +2 pair of gloves {Dex+3}
MR       .....                  (no boots)
Stlth    ..........             d - amulet of the Air {Inacc +Fly rElec EV+5 RMsl}
HPRegen  0.26/turn              s - ring of flight
MPRegen  0.13/turn              (no ring)

@: flying, repel missiles
A: cold resistance 1, deformed body, evolution 1, no potion heal 1, MP-powered
wands
a: Minor Destruction, Lesser Servant of Makhleb, Renounce Religion


You were on level 10 of the Dungeon.
You worshipped Makhleb.
Makhleb was most pleased with you.
You were hungry.

You visited 1 branch of the dungeon, and saw 10 of its levels.

You collected 569 gold pieces.
You spent 526 gold pieces at shops.

Inventory:

Hand Weapons
 D - a +1 broad axe of venom (weapon)
Missiles
 u - 9 tomahawks (quivered)
Armour
 c - a +0 shield (worn)
 g - a +2 helmet of see invisible (worn)
 r - a +2 pair of gloves of dexterity (worn)
 C - a +0 plate armour (worn)
Jewellery
 d - the amulet of the Air (around neck) {Inacc +Fly rElec EV+5 RMsl}
   (You found it on level 6 of the Dungeon)

   [amulet of inaccuracy]

   It reduces the accuracy of all your attacks.
   It affects your evasion (+5).
   It insulates you from electricity.
   It lets you fly.
   It protects you from missiles.
 s - a ring of flight (left hand)
Wands
 a - a wand of paralysis (7)
 o - a wand of digging (37)
 F - a wand of flame (17)
Scrolls
 e - 2 scrolls of fear
 j - 3 scrolls of magic mapping
 l - 2 scrolls of teleportation
 q - 8 scrolls of identify
 B - 2 scrolls of remove curse
Potions
 b - 3 potions of curing
 h - a potion of heal wounds
 i - a potion of berserk rage
 m - a potion of invisibility
 n - 3 potions of haste
 t - a potion of might
 w - 2 potions of brilliance
 x - 2 potions of flight
Books
 v - a book of Misfortune

   Spells                             Type                      Level
   a - Confusing Touch                Hexes                        1
   b - Confuse                        Hexes                        3
   c - Gell's Gravitas                Translocation                3
   d - Petrify                        Transmutation/Earth          4
   e - Metabolic Englaciation         Hexes/Ice                    5
   f - Yara's Violent Unravelling     Hexes/Transmutation          5
 z - a book of Debilitation

   Spells                             Type                      Level
   a - Corona                         Hexes                        1
   b - Slow                           Hexes                        2
   c - Inner Flame                    Hexes/Fire                   3
   d - Portal Projectile              Hexes/Translocation          3
   e - Cause Fear                     Hexes                        4
   f - Leda's Liquefaction            Hexes/Earth                  4
Comestibles
 f - 24 rations
 k - 8 chunks of flesh


   Skills:
 + Level 9.9 Fighting
 + Level 15.1 Axes
 + Level 8.9 Armour
 * Level 1.9 Dodging
 + Level 9.1 Shields
 * Level 3.3 Invocations


You had 10 spell levels left.
You didn't know any spells.

Dungeon Overview and Level Annotations

Branches:
Dungeon (10/15)            Temple (0/1) D:5            Lair (0/6) D:9
    Orc: D:9-12

Altars:
Cheibriados
Gozag
Makhleb
Ru
Uskayaw
Wu Jian

Shops:
D:10 [


Innate Abilities, Weirdness & Mutations

Your flesh is cold resistant. (rC+)
Armour fits poorly on your strangely shaped body.
You evolve.
Potions are less effective at restoring your health.
You expend magic power (3 MP) to strengthen your wands.


Message History

You fly up into the air.
You are feeling hungry.
The lindwurm roars!
The lindwurm breathes flames at you. The blast of flame hits you!
Found 24 sling bullets, a pair of slimy boots and a ring of flight.
The lindwurm breathes flames at you. The blast of flame hits you!
Found 27 gold pieces and a glowing rapier.
The lindwurm bites you! You block the lindwurm's attack.
The lindwurm claws you. The lindwurm closely misses you.
The lindwurm claws you.
* * * LOW HITPOINT WARNING * * *
The lindwurm closely misses you. The lindwurm breathes flames at you.
The blast of flame hits you!
* * * LOW HITPOINT WARNING * * *
The lindwurm breathes flames at you. The blast of flame hits you!
You die...

..#..........#≈§≈≈§≈.## =)##.≈≈§
..#..........#§≈≈§§≈.##[|[$##.≈≈≈
..#..........#.≈≈≈≈≈§k#.$(.#..≈≈≈
..#..........#.≈§≈§≈≈k.####..§§≈§
##########'###.≈§≈≈≈≈kk.##...§§≈≈
........#.......§§§≈≈≈≈....≈≈§≈≈≈
.......[#.......≈≈≈≈≈§≈≈≈≈§≈≈§§§§
........#........§≈≈≈≈§≈≈≈≈§≈§§§≈
........#.......@.≈≈≈≈≈≈≈≈§≈§≈§§§
.....<..#......|...≈≈≈≈≈§≈≈≈§≈§..
####....#####.......§≈≈≈§§§≈≈....
#.......................≈≈§......
#..................#.............
#..................+.............
#..................#.............
#..................#.............
##############.....##############


You could see 4 lindwurms.

Vanquished Creatures
  3 two-headed ogres
  Erica (D:8)
  Pikel (D:7)
  The ghost of aspa the Cleaver, a novice MiBe of Trog (D:5)
  A manticore (D:8)
  Prince Ribbit (D:8)
  A troll (D:10)
  A hippogriff (D:7)
  2 wyverns
  4 yaks (D:10)
  A steam dragon (D:10)
  A hungry ghost (D:6)
  A porcupine (D:9)
  Duvessa (D:6)
  4 ice beasts
  4 sky beasts
  3 black bears
  5 ogres
  2 orc warriors
  A phantom (D:4)
  A necrophage (D:7)
  5 centaurs
  The ghost of letownia2 the Conjurer, an amateur TeFE (D:3)
  The ghost of letownia2 the Gusty, an amateur TeAE of Sif Muna (D:4)
  5 bullfrogs
  Dowan (D:6)
  A water moccasin zombie (D:9)
  A wyvern skeleton (D:9)
  4 scorpions
  5 killer bees
  5 wights (D:6)
  An electric eel (D:7)
  4 howler monkeys (D:9)
  3 centaur zombies
  3 crimson imps (D:5)
  2 bullfrog zombies
  2 jellies
  6 hounds
  3 orc priests
  9 orc wizards
  A bullfrog skeleton (D:8)
  Natasha (thrice) (D:2)
  2 iguanas
  7 worker ants
  A hound zombie (D:8)
  A howler monkey zombie (D:7)
  A worker ant zombie (D:5)
  9 gnolls
  9 adders
  3 shadow imps
  An ooze (D:3)
  An adder skeleton (D:7)
  2 worms
  A dart slug (D:2)
  4 leopard geckos
  25 orcs
  A ball python (D:1)
  4 bats
  5 giant cockroaches
  5 goblins
  7 hobgoblins
  15 jackals
  4 frilled lizards
  8 kobolds
  9 rats
  5 fungi (D:9)
  3 plants (D:9)
239 creatures vanquished.

Vanquished Creatures (others)
  2 slaves (D:7)
  An iguana (D:7)
  A fungus (D:9)
4 creatures vanquished.

Grand Total: 243 creatures vanquished

Notes
Turn   | Place    | Note
-------+----------+-------------------------------------------
     0 | D:1      | Mirai the Hill Orc Fighter began the quest for the Orb.
     0 | D:1      | Reached XP level 1. HP: 19/19 MP: 1/1
   154 | D:1      | Reached XP level 2. HP: 27/27 MP: 2/2
   587 | D:1      | Reached skill level 3 in Axes
   670 | D:1      | Reached XP level 3. HP: 33/33 MP: 3/3
  1046 | D:2      | Reached XP level 4. HP: 9/40 MP: 4/4
  1422 | D:2      | Reached skill level 4 in Axes
  1524 | D:2      | Found a snail-covered altar of Cheibriados.
  1604 | D:2      | Noticed Natasha
  1610 | D:2      | Killed Natasha
  1675 | D:2      | Noticed Natasha
  1689 | D:2      | Killed Natasha
  1689 | D:2      | Reached XP level 5. HP: 19/47 MP: 5/5
  1695 | D:2      | Noticed Natasha
  1711 | D:2      | Killed Natasha
  1711 | D:2      | Reached skill level 5 in Axes
  2198 | D:3      | Noticed letownia2's ghost (amateur TeFE)
  2208 | D:3      | Killed letownia2's ghost
  2208 | D:3      | Reached XP level 6. HP: 45/53 MP: 6/6
  2864 | D:4      | Reached skill level 6 in Axes
  2959 | D:4      | Noticed a phantom
  3012 | D:4      | Killed a phantom
  3043 | D:4      | Reached skill level 7 in Axes
  3043 | D:4      | Reached XP level 7. HP: 45/60 MP: 7/7
  3233 | D:4      | Reached skill level 5 in Fighting
  3345 | D:4      | Noticed letownia2's ghost (amateur TeAE)
  3353 | D:4      | Killed letownia2's ghost
  3590 | D:5      | Entered Level 5 of the Dungeon
  3641 | D:5      | Reached skill level 8 in Axes
  3677 | D:5      | Noticed aspa's ghost (novice MiBe)
  3692 | D:5      | Killed aspa's ghost
  3692 | D:5      | Reached skill level 9 in Axes
  3692 | D:5      | Reached skill level 5 in Armour
  3692 | D:5      | Reached skill level 5 in Shields
  3692 | D:5      | Reached XP level 8. HP: 18/70 MP: 8/8
  4147 | D:5      | Reached skill level 10 in Axes
  4148 | D:5      | Found a burning altar of Makhleb.
  4161 | D:5      | Became a worshipper of Makhleb the Destroyer
  4430 | D:5      | Reached XP level 9. HP: 13/78 MP: 9/9
  4996 | D:5      | Found a staircase to the Ecumenical Temple.
  5007 | D:5      | Reached skill level 11 in Axes
  5147 | D:6      | Noticed Duvessa
  5150 | D:6      | Noticed Dowan
  5161 | D:6      | Killed Duvessa
  5169 | D:6      | Killed Dowan
  5253 | D:6      | Reached * piety under Makhleb
  5503 | D:6      | Found the amulet of the Air {Inacc +Fly rElec EV+5 RMsl}
  5620 | D:6      | Got a jewelled arbalest
  5621 | D:6      | Identified the +4 arbalest of Eternal Night {freeze, Stlth+} (You found it on level 6 of the Dungeon)
  5806 | D:7      | Reached skill level 12 in Axes
  5974 | D:8      | Reached XP level 10. HP: 11/88 MP: 10/10
  5996 | D:8      | HP: 3/88 [bullfrog zombie (5)]
  6455 | D:7      | Reached ** piety under Makhleb
  6594 | D:7      | Noticed Pikel
  6605 | D:7      | Killed Pikel
  6605 | D:7      | Reached skill level 13 in Axes
  6917 | D:7      | Identified a scroll of acquirement
  7103 | D:8      | Noticed Erica
  7143 | D:8      | Killed Erica
  7200 | D:8      | Noticed a manticore
  7208 | D:8      | Killed a manticore
  7243 | D:8      | Reached skill level 14 in Axes
  7486 | D:8      | Noticed a two-headed ogre
  7494 | D:8      | Killed a two-headed ogre
  7494 | D:8      | Reached XP level 11. HP: 52/97 MP: 11/11
  7682 | D:8      | Noticed Prince Ribbit
  7700 | D:8      | Killed Prince Ribbit
  7740 | D:8      | Noticed a hand axe
  7740 | D:8      | Noticed a hand axe
  7741 | D:8      | Noticed a two-headed ogre
  7743 | D:8      | Found a hide-covered altar of Uskayaw.
  7748 | D:8      | Killed a two-headed ogre
  7993 | D:8      | Found a sacrificial altar of Ru.
  8291 | D:8      | Gained mutation: You expend magic power (3 MP) to strengthen your wands. [potion of mutation]
  8291 | D:8      | Gained mutation: You evolve. [potion of mutation]
  8431 | D:9      | Reached skill level 1 in Invocations
  8626 | D:9      | Reached *** piety under Makhleb
  8629 | D:9      | Found an ornate altar of the Wu Jian Council.
  8775 | D:9      | Found a staircase to the Lair.
  8780 | D:9      | Noticed a two-headed ogre
  8788 | D:9      | Killed a two-headed ogre
  8788 | D:9      | Reached skill level 1 in Dodging
  8933 | D:9      | Found an opulent altar of Gozag.
  9142 | D:10     | Entered Level 10 of the Dungeon
  9539 | D:10     | Reached skill level 15 in Axes
  9646 | D:10     | Found Vetruwora's Antique Armour Emporium.
  9658 | D:10     | Bought a translucent helmet for 294 gold pieces
  9665 | D:10     | Identified the cursed +0 helmet of Maimp {*Contam *Slow MR+++ SInv} (You bought it in a shop on level 10 of the Dungeon)
  9674 | D:10     | Gained mutation: Armour fits poorly on your strangely shaped body. [mutagenic glow]
  9688 | D:10     | Bought a glowing helmet for 232 gold pieces
  9693 | D:10     | Gained mutation: Potions are less effective at restoring your health. [mutagenic glow]
 10208 | D:10     | Gained mutation: Your flesh is cold resistant. (rC+) [evolution]
 10278 | D:10     | Noticed a lindwurm
 10279 | D:10     | Noticed a lindwurm
 10281 | D:10     | Noticed a lindwurm
 10282 | D:10     | Noticed a lindwurm
 10293 | D:10     | Killed from afar by a lindwurm

Skill      XL: |  1  2  3  4  5  6  7  8  9 10 11 |
---------------+----------------------------------+-----
Fighting       | 4 6 7 9 |  9.9
Axes           | 3 4 5 7 9 10 12 14 15 | 15.1
Armour         | 4 5 7 8 |  8.9
Shields        | 4 5 6 8 9 |  9.1
Invocations    | 3 |  3.3
Dodging        | 1 |  1.9

Action                   |  1- 3 |  4- 6 |  7- 9 | 10-12 || total
-------------------------+-------+-------+-------+-------++-------
Melee: War axe           |    74 |   148 |   132 |       ||   354
       Hand axe          |       |       |    88 |       ||    88
       Broad axe         |       |       |    65 |   473 ||   538
 Abil: Evoke Flight      |       |       |       |     1 ||     1
  Use: Scroll            |       |    10 |     4 |     2 ||    16
       Potion            |       |       |     2 |    12 ||    14
  Eat: Chunk             |       |     7 |    11 |    11 ||    29
       Ration            |       |       |       |     1 ||     1
Armor: Scale mail        |    54 |    21 |       |       ||    75
       Plate armour      |       |    51 |   185 |   207 ||   443
Dodge: Dodged            |    35 |    50 |    85 |   163 ||   333
       Deflected         |       |       |     2 |     6 ||     8
Block: Shield            |    54 |     2 |    99 |   248 ||   403
       Buckler           |       |    25 |    39 |       ||    64
